 Dungeon Crawl Stone Soup version 0.27.1-1-g398f81649c (webtiles) character file.

Game seed: 15762547720861518372

25 pkoi the Slasher (level 2, 0/25 HPs)
             Began as a Minotaur Gladiator on Sept 17, 2021.
             Was an Initiate of Gozag.
             Slain by a hobgoblin (2 damage)
             ... on level 2 of the Dungeon.
             The game lasted 00:00:54 (903 turns).

pkoi the Slasher (Minotaur Gladiator)                Turns: 903, Time: 00:00:55

Health: 0/25       AC:  3    Str: 18    XL:     2   Next: 86%
Magic:  1/1        EV: 12    Int:  5    God:    Gozag
Gold:   105        SH:  0    Dex: 11    Spells: 1/1 levels left

rFire    . . .     SeeInvis .   a - +0 long sword
rCold    . . .     Faith    .   (no shield)
rNeg     . . .     Spirit   .   b - +0 leather armour
rPois    .         Reflect  .   c - +0 hat
rElec    .         Harm     .   (no cloak)
rCorr    .         Rampage  .   (no gloves)
Will     .....                  (no boots)
Stlth    +.........             (no amulet)
HPRegen  0.08/turn              (no ring)
MPRegen  0.07/turn              (no ring)

@: gold aura
A: horns 2, retaliatory headbutt
a: Renounce Religion, Potion Petition, Call Merchant, Bribe Branch


You were on level 2 of the Dungeon.
You worshipped Gozag.
Gozag was aware of your devotion.
You visited 1 branch of the dungeon, and saw 2 of its levels.

You collected 105 gold pieces.

Inventory:

Hand Weapons
 a - a +0 long sword (weapon)
Missiles
 d - 3 throwing nets (quivered)
Armour
 b - a +0 leather armour (worn)
 c - a +0 hat (worn)
Jewellery
 g - a ring of wizardry
Scrolls
 e - a scroll of acquirement {unknown}
 f - 2 scrolls of torment {unknown}
 h - a scroll of brand weapon {unknown}


   Skills:
 - Level 2.4 Fighting
 + Level 5.0 Long Blades
 - Level 2.0 Throwing
 - Level 3.2 Dodging


You had one spell level left.
You didn't know any spells.
Your spell library was empty.

Dungeon Overview and Level Annotations

Branches:
Dungeon (2/15)

Altars:
Gozag

Shops:
D:1 [


Innate Abilities, Weirdness & Mutations

You have a pair of horns on your head.
You reflexively headbutt those who attack you in melee.


Message History

You hit the goblin. Your headbutt misses the goblin.
The goblin is severely wounded.
The goblin closely misses you.
You closely miss the goblin.
The goblin is severely wounded.
The goblin closely misses you.
You closely miss the goblin.
The goblin is severely wounded.
The goblin barely misses you.
You miss the goblin.
The goblin is severely wounded.
The goblin closely misses you.
You hit the goblin.
You kill the goblin!
The worm closely misses you.
You riposte.
You barely miss the worm.
Things that are here:
7 gold pieces; a +0 dagger You slash the worm!
The worm is heavily wounded.
The worm bites you!
* * * LOW HITPOINT WARNING * * *
You hit the worm.
You headbutt the worm, but do no damage.
The worm is severely wounded.
You hit the worm.
You kill the worm!
The hobgoblin is distracted by your dazzling golden aura.
Your Long Blades skill increases to level 5!
You barely miss the rat. The rat closely misses you.
The rat bites you but does no damage.
You hit the rat.
You kill the rat!
The hobgoblin is no longer distracted by gold.
You barely miss the hobgoblin. The hobgoblin hits you with a +0 whip.
* * * LOW HITPOINT WARNING * * *
You hit the hobgoblin.
The hobgoblin is moderately wounded.
The hobgoblin hits you with a +0 whip.
You die...
Your body crumbles into a pile of gold.

#........## #
##.#.#.##.##.#
#...........
##.#.#^##.##.
# #....[...##
.# ##.#.#.###
..# ###.#.#
##...#
#.#.###.....#
#....@g....#
#...###....#
#...# ....#
#.... ....#
##... ......
..... ..##...
.#.... ..# ...
.......... #.


You could see a hobgoblin.

Vanquished Creatures
  A worm (D:2)
  A dart slug (D:1)
  An endoplasm (D:1)
  A hobgoblin (D:1)
  4 kobolds
  A quokka (D:1)
  A ball python (D:1)
  3 bats (D:1)
  A frilled lizard (D:1)
  4 goblins
  2 rats
20 creatures vanquished.

Notes
Turn   | Place    | Note
-------+----------+-------------------------------------------
     0 | D:1      | pkoi the Minotaur Gladiator began the quest for the Orb.
     0 | D:1      | Reached XP level 1. HP: 18/18 MP: 0/0
   145 | D:1      | Found Caeluff's Antique Armour Boutique.
   191 | D:1      | Reached skill level 4 in Long Blades
   266 | D:1      | Found a faded altar of an unknown god.
   273 | D:1      | Became a worshipper of Gozag Ym Sagoz the Greedy
   355 | D:1      | Reached XP level 2. HP: 24/25 MP: 1/1
   900 | D:2      | Reached skill level 5 in Long Blades
   903 | D:2      | Slain by a hobgoblin

Illustrated notes

Levels and vault maps discovered:
D:1:      dpeg_arrival_pits, layout_basic, serial_shops, nicolae_shop_trees,
          dilly_ecumenical_altar_fadedgnrine
D:2:      layout_loops_ring, serial_shops, nicolae_lakefront_shop,
          nicolae_shop_temple_entry_statues_fountains,
          nicolae_shop_temple_entry_statues_fountains, nicolae_lakefront_shop,
          nicolae_shop_crystal, st_stairs_12

Skill      XL: |  1  2 |
---------------+-------+-----
Long Blades    | 4 5 |  5.0
Fighting       | |  2.4
Throwing       | |  2.0
Dodging        | |  3.2

Action                   || total
-------------------------++-------
Melee: Long sword        ||    39
       Headbutt          ||     7
Armor: Leather armour    ||    11
Dodge: Dodged            ||    30
       Rpst.: Long sword ||    10
